cohdb
Replays
Latest Replays
All Replays
Popular Replays
Top Player Replays
Match Explorer
How It Works
Community
CoH3 Stats
Reddit
Sign in to upload your games and track your stats! →
Sign in with Steam
Match 39478444
Unlisted
Match 39478444
Overview
Messages
Build Orders
End
Royal Engineer Section
Construct Section Command Post
Infantry Section
Selects Canadian Shock Battlegroup
Selects Canadian Shock Battlegroup
Infantry Section
Construct Platoon Command Post
Selects Offensive Resupply
Selects Canadian Shock Section
Canadian Shock Section
Selects Incendiary Munitions
Humber Armored Car
firestorm
『BlackBear』
0
0
Comments
sign in to comment!
No comments posted yet!